 Dungeon Crawl Stone Soup version 0.28-a0-932-g843f935a50 (webtiles) character file.

Game seed: 15404296686647031040

1491 shoop the Slicer (level 9, 0/51 HPs)
             Began as a Kobold Berserker on Nov 27, 2021.
             Was a Believer of Trog.
             Slain by a gnoll (6 damage)
             ... on level 6 of the Dungeon.
             The game lasted 00:11:58 (6028 turns).

shoop the Slicer (Kobold Berserker)                 Turns: 6028, Time: 00:11:58

Health: 0/51       AC:  6    Str: 17    XL:     9   Next: 7%
Magic:  18/18      EV: 14    Int:  8    God:    Trog [**....]
Gold:   219        SH:  0    Dex: 15    Spells: 8/8 levels left

rFire   . . .      SeeInvis .   t - +1 short sword (holy)
rCold   . . .      Faith    +   (shield restricted)
rNeg    . . .      Spirit   .   n - +0 leather armour
rPois   .          Reflect  .   g - +0 helmet
rElec   .          Harm     .   B - +0 cloak
rCorr   +          Rampage  .   f - +0 pair of gloves
Will    ++...                   (no boots)
Stlth   +++++.....              m - amulet of faith
HPRegen 1.17/turn               u - ring of resist corrosion
MPRegen 0.16/turn               w - ring of magical power

@: about to teleport, strong-willed, on berserk cooldown, regenerating, slowed,
very slow
A: small, no large weapons, nightstalker 3
a: Renounce Religion, Berserk, Trog's Hand


You were on level 6 of the Dungeon.
You worshipped Trog.
Trog was pleased with you.
You visited 1 branch of the dungeon, and saw 6 of its levels.
You also visited: Ossuary.

You collected 219 gold pieces.

Inventory:

Hand Weapons
 a - a +0 short sword
 e - a +0 rapier
 t - a +1 short sword of holy wrath (weapon)
Missiles
 d - 47 poisoned darts (quivered)
Armour
 b - a +0 animal skin
 f - a +0 pair of gloves (worn)
 g - a +0 helmet (worn)
 n - a +0 leather armour (worn)
 B - a +0 cloak (worn)
Jewellery
 m - an amulet of faith (around neck)
 u - a ring of resist corrosion (left hand)
 w - a ring of magical power (right hand)
Wands
 q - a wand of flame (33)
 v - a wand of acid (13)
Scrolls
 h - 2 scrolls of vulnerability
 j - 3 scrolls of immolation
 l - a scroll of magic mapping
 o - 2 scrolls of enchant weapon
 p - a scroll of teleportation
 r - a scroll of holy word
 s - 7 scrolls of noise
 x - a scroll of blinking
 y - 3 scrolls of fear {unknown}
 z - 2 scrolls of summoning
 A - 3 scrolls of fog {unknown}
 C - a scroll of brand weapon
Potions
 c - 5 potions of mutation {unknown}
 i - 3 potions of haste {unknown}
 k - 5 potions of curing {unknown}
 D - a potion of invisibility
 E - a potion of heal wounds


   Skills:
 - Level 3.2 Fighting
 + Level 9.5 Short Blades
 - Level 4.0 Throwing
 - Level 2.0 Armour
 - Level 2.4 Dodging
 + Level 9.4 Stealth
 - Level 3.0 Evocations


You had 8 spell levels left.
You didn't know any spells.
Your spell library contained the following spells:

 Spells                   Type           Power      Damage    Failure   Level
 Freeze                   Ice            0%         1d3       45%         1
 Magic Dart               Conj           0%         1d3       45%         1
 Scorch                   Fire           0%         2d5       61%         2
 Searing Ray              Conj           0%         2d4       61%         2
 Frozen Ramparts          Ice            0%         1d2       83%         3
 Flame Wave               Conj/Fire      0%         3d3       99%         4
 Fulminant Prism          Conj/Hex       0%         3d6       99%         4
 Hailstorm                Conj/Ice       0%         3d3       99%         4
 Summon Cactus Giant      Summ           0%         N/A       100%        6


Dungeon Overview and Level Annotations

Branches:
Dungeon (6/15)            Ossuary (visited)
 Temple: D:4-7

Altars:
Ashenzari
Cheibriados
Kikubaaqudgha
Trog
Vehumet
Wu Jian
Xom

Annotations:
D:2 exclusions: orc wizard and rat
D:4 Eustachio
D:6 Sigmund


Innate Abilities, Weirdness & Mutations

You are small and have problems with some larger weapons.
You are completely attuned to the shadows.


Message History

Duvessa is heavily wounded.
Duvessa barely misses you.
You puncture Duvessa!
Duvessa is severely wounded.
You barely miss Duvessa.
Duvessa is severely wounded.
Duvessa hits you with a +0 short sword.
You puncture Duvessa!
Duvessa is almost dead.
You closely miss Duvessa.
Duvessa is almost dead.
Duvessa hits you with a +0 short sword!
The gnoll hits you from afar with a +0 spear.
* * * LOW HITPOINT WARNING * * *
You closely miss Duvessa.
Duvessa is almost dead.
Duvessa hits you with a +0 short sword!
* * * LOW HITPOINT WARNING * * *
You hit Duvessa but do no damage.
Duvessa is almost dead.
You puncture Duvessa!
Duvessa is almost dead.
Duvessa closely misses you.
The gnoll hits you from afar with a +0 spear.
* * * LOW HITPOINT WARNING * * *
You hit Duvessa.
You kill Duvessa!
Trog accepts your kill.
Your life force feels restored.
Items here: ! ) [ †.
You feel a strong urge to attack something.
You are no longer berserk.
You are exhausted.
You feel yourself slow down.
Your skin crawls.
You feel strong-willed.
As you read the scroll of teleportation, it crumbles to dust.
You feel strangely unstable.
The gnoll hits you from afar with a +0 spear.
You die...

### ##.## #...#####
##g.@##..## ##..
#.#.......### .... ..
###)##....#...# ..#
##.####..g.#...###..###.##.
#....#............#.##.....
..................##g.......
...#...##.........#.........
...##..####.........†#.#....
#(....... .......e..#.#...g


You could see a gnoll.

Vanquished Creatures
  Grinder (D:4)
  A steam dragon (D:4)
  Duvessa (D:6)
  2 water moccasins (D:6)
  2 black bears
  A sky beast (D:6)
  A centaur (D:6)
  A bullfrog (D:6)
  Dowan (D:6)
  A water moccasin skeleton (D:5)
  2 centaur zombies
  A bullfrog skeleton (D:6)
  A hound (D:6)
  Terence (D:3)
  An iguana (D:5)
  2 mummies (Ossuary)
  Robin (D:3)
  A howler monkey skeleton (D:6)
  5 adders
  2 ufetubi (D:5)
  4 dart slugs
  3 orcs
  4 bats
  4 endoplasms
  2 giant cockroaches
  A gnoll zombie (Ossuary)
  8 goblins
  8 hobgoblins
  A quokka (D:4)
  7 ball pythons
  5 frilled lizards
  A goblin zombie (D:6)
  3 hobgoblin zombies (Ossuary)
  5 kobolds
  A kobold zombie (Ossuary)
  2 orc zombies (Ossuary)
  A quokka zombie (D:6)
  3 rats
92 creatures vanquished.

Notes
Turn   | Place    | Note
-------+----------+-------------------------------------------
     0 | D:1      | shoop the Kobold Berserker began the quest for the Orb.
     0 | D:1      | Reached XP level 1. HP: 14/14 MP: 1/1
    56 | D:1      | Reached skill level 1 in Stealth
   231 | D:1      | Reached XP level 2. HP: 9/19 MP: 2/2
  1034 | D:2      | Found a faded altar of an unknown god.
  1069 | D:2      | Reached skill level 1 in Throwing
  1069 | D:2      | Reached XP level 3. HP: 20/23 MP: 3/3
  1275 | D:3      | Noticed Robin
  1518 | D:3      | Reached XP level 4. HP: 28/28 MP: 4/4
  1652 | D:3      | Noticed Terence
  1658 | D:3      | Killed Terence
  1659 | D:3      | Reached skill level 5 in Short Blades
  1934 | D:3      | Reached ** piety under Trog
  2049 | D:3      | Reached XP level 5. HP: 32/32 MP: 5/5
  2173 | D:3      | Killed Robin
  2308 | D:4      | Noticed a steam dragon
  2369 | D:4      | Noticed a black bear
  2400 | D:4      | Killed a black bear
  2401 | D:4      | Reached skill level 1 in Evocations
  2401 | D:4      | Reached XP level 6. HP: 37/37 MP: 6/6
  2541 | D:4      | Found a broken altar of Ashenzari.
  2551 | D:4      | Noticed Grinder
  2556 | D:4      | Noticed Eustachio
  2584 | D:4      | Killed Grinder
  2585 | D:4      | Reached XP level 7. HP: 19/41 MP: 7/7
  3354 | D:4      | Killed a steam dragon
  3355 | D:4      | Reached skill level 5 in Stealth
  3558 | D:5      | Entered Level 5 of the Dungeon
  3944 | D:5      | Found an ornate altar of the Wu Jian Council.
  4068 | D:5      | Found a bloodstained altar of Trog.
  4491 | D:6      | Found a sand-covered staircase.
  4506 | Ossuary  | Entered an ossuary
  4578 | Ossuary  | Reached XP level 8. HP: 46/46 MP: 8/8
  5418 | D:6      | Noticed Sigmund
  5710 | D:6      | Found a snail-covered altar of Cheibriados.
  5712 | D:6      | Found an ancient bone altar of Kikubaaqudgha.
  5716 | D:6      | Found a shimmering altar of Xom.
  5750 | D:6      | Found a radiant altar of Vehumet.
  5979 | D:6      | Noticed Duvessa
  5979 | D:6      | Noticed Dowan
  6008 | D:6      | Killed Dowan
  6009 | D:6      | Reached XP level 9. HP: 49/49 MP: 9/9
  6022 | D:6      | HP: 3/73 [gnoll (4)]
  6023 | D:6      | Killed Duvessa
  6028 | D:6      | Slain by a gnoll

Illustrated notes

Levels and vault maps discovered:
D:1:      sevenhm_arrival_forest_fort_small_3, layout_rooms,
          corexii_item_surrounded_by_moat, minivault_11,
          corexii_item_surrounded_by_moat
D:2:      layout_loops_cross, hellmonk_ecumenical_altar_lost_god
D:3:      cheibrodos_helix_gallery, layout_rooms, minivault_23, minmay_cupped,
          uniq_terence, uniq_robin
D:4:      layout_basic, old_standard_altar, nicolae_figureground_pulse,
          uniq_eustachio, uniq_grinder
D:5:      layout_loops_ring, mainiacjoe_overflow_large_starburst,
          minmay_liquid_box, hangedman_glass_teeth
D:6:      layout_cave_pools, grunt_temple_overflow_open,
          mainiacjoe_overflow_small_starburst, temple_pool_b, enter_ossuary_4,
          uniq_sigmund, uniq_menkaure, uniq_duvessa

Skill      XL: |  1  2  3  4  5  6  7  8 |
---------------+-------------------------+-----
Stealth        | 1 2 3 4 6 9 |  9.4
Throwing       | 1 2 3 4 |  4.0
Short Blades   | 5 6 7 9 |  9.5
Armour         | 2 |  2.0
Evocations     | 1 2 3 |  3.0
Fighting       | |  3.2
Dodging        | |  2.4

Action                   |  1- 3 |  4- 6 |  7- 9 || total
-------------------------+-------+-------+-------++-------
Melee: Short sword       |    29 |    29 |   176 ||   234
       Rapier            |    34 |    50 |       ||    84
Throw: Dart              |       |     2 |     4 ||     6
Invok: Berserk           |       |     2 |     3 ||     5
       Trog's Hand       |       |     1 |     2 ||     3
  Use: Scroll            |       |       |    11 ||    11
 Stab: Sleeping          |    12 |     7 |    14 ||    33
       Distracted        |       |       |     1 ||     1
Armor: Animal skin       |     8 |       |       ||     8
       Leather armour    |     1 |    30 |    46 ||    77
Dodge: Dodged            |    38 |    77 |   126 ||   241

Table legend: (Time is in decaauts)
 A = Elapsed time spent in this place.
 B = Non-inter-level travel time spent in this place.
 C = Inter-level travel time spent in this place.
 D = Time resting spent in this place.
 E = Time spent auto-exploring this place.
 F = Levels seen in this place.
 G = Mean time per level.
                   A        B        C        D        E       F      G
               +--------+--------+--------+--------+--------+-----+--------+
         Total |   6007 |   5826 |    181 |    861 |   3943 |   7 |  858.1 |
       Dungeon |   5576 |   5395 |    181 |    861 |   3646 |   6 |  929.3 |
       Ossuary |    430 |    430 |      0 |      0 |    297 |   1 |  430.0 |
               +--------+--------+--------+--------+--------+-----+--------+

Top non-repeatable levels by time:
     D:3: 1118 daAuts
     D:6: 1058 daAuts
     D:1: 1040 daAuts
     D:4: 980 daAuts
     D:5: 942 daAuts
     D:2: 435 daAuts
 Ossuary: 430 daAuts
